 Dungeon Crawl Stone Soup version 0.27.1-1-g398f81649c (webtiles) character file.

Game seed: 10715887379693136957

33168 ABBCCCDDDD the Transmogrifier (level 13, -5/111 HPs)
             Began as an Octopode Delver on Sept 5, 2021.
             Was an Initiate of Gozag.
             Slain by a six-headed hydra (9 damage)
             ... on level 5 of the Lair of Beasts.
             The game lasted 00:50:49 (21787 turns).

ABBCCCDDDD the Transmogrifier (Octopode Delver)    Turns: 21787, Time: 00:50:50

Health: -5/111     AC: 27    Str: 14    XL:     13   Next: 69%
Magic:  19/23      EV: 12    Int: 20    God:    Gozag
Gold:   2158       SH:  5    Dex: 13    Spells: 17/26 levels left

rFire    + + .     SeeInvis +   a - +2 scimitar (flame)
rCold    + + .     Faith    .   C - +0 buckler
rNeg     + + +     Spirit   .   V - +1 hat
rPois    ∞         Reflect  .   F - amulet of regeneration
rElec    +         Harm     .   G - ring of protection from fire
rCorr    .         Rampage  .   M - ring of poison resistance
Will     .....                  O - ring of Creativity {Ice rElec rN+ Str-4 Int+3}
Stlth    +++++.....             t - ring of Perfectionism {rF+ rC++ rN+ SInv}
HPRegen  1.28/turn              X - +6 ring of strength
MPRegen  0.18/turn              N - ring of fire
                                (no ring)
                                (no ring)

@: statue-form, studying Poison Magic, very slow
A: slow and powerful, torment resistance 1, boosted hp, almost no armour,
amphibious, 8 rings, camouflage 1, (gelatinous body 1), (nimble swimmer 1),
tentacles
a: End Transformation, Renounce Religion, Potion Petition, Call Merchant, Bribe
Branch


You were on level 5 of the Lair of Beasts.
You worshipped Gozag.
Gozag was most pleased with you.
You were a living statue of rough stone.
You visited 4 branches of the dungeon, and saw 19 of its levels.
You also visited: Sewer.

You collected 2967 gold pieces.
You spent 668 gold pieces at shops.
You paid 141 gold pieces to Gozag.

Inventory:

Hand Weapons
 a - a +2 scimitar of flaming (weapon)
 b - a +4 spear of venom
 h - the +2 short sword "Pepim Woala" {protect, rN+}
   (You found it on level 4 of the Dungeon)

   It grants its wielder temporary protection when it strikes (+7 to AC).
   rN:        It protects you from negative energy.
 W - a +4 spear of flaming
Missiles
 n - 95 poisoned darts (quivered)
 B - 6 javelins
 D - 4 throwing nets
 Q - 4 curare-tipped darts
Armour
 C - a +0 buckler (worn)
 L - a +0 kite shield
 V - a +1 hat (worn)
Jewellery
 t - the ring of Perfectionism (on tentacle) {rF+ rC++ rN+ SInv}
   (You bought it in a shop on level 10 of the Dungeon)

   [ring of see invisible]

   rF:        It protects you from fire.
   rC:        It greatly protects you from cold.
   rN:        It protects you from negative energy.
   SInv:      It lets you see invisible.
 F - an amulet of regeneration (around mantle)
 G - a ring of protection from fire (left tentacle)
 M - a ring of poison resistance (right tentacle)
 N - a ring of fire (on tentacle)
 O - the ring of Creativity (on tentacle) {Ice rElec rN+ Str-4 Int+3}
   (You acquired it on level 9 of the Dungeon)

   [ring of ice]

   It enhances your ice magic.
   Str:       It affects your strength (-4).
   Int:       It affects your intelligence (+3).
   rF:        It makes you vulnerable to fire.
   rC:        It protects you from cold.
   rElec:     It insulates you from electricity.
   rN:        It protects you from negative energy.
 X - a +6 ring of strength (on tentacle)
 Y - an amulet of magic regeneration
Wands
 c - a wand of acid (6)
 d - a wand of iceblast (17)
 f - a wand of digging (7)
 o - a wand of polymorph (18)
 S - a wand of paralysis (3)
 Z - a wand of charming (9)
Scrolls
 g - 4 scrolls of magic mapping
 i - a scroll of vulnerability
 m - a scroll of teleportation
 q - 5 scrolls of enchant armour
 r - 5 scrolls of fog
 s - 2 scrolls of torment
 u - 2 scrolls of immolation
 w - 2 scrolls of summoning
 y - 4 scrolls of enchant weapon
 z - 2 scrolls of blinking {unknown}
 J - 2 scrolls of holy word
 K - a scroll of brand weapon
 U - a scroll of identify
Potions
 e - a potion of haste
 j - 4 potions of curing
 k - 4 potions of might
 l - 2 potions of cancellation
 p - 4 potions of flight
 v - a potion of brilliance
 x - 3 potions of lignification
 A - 6 potions of heal wounds
 E - 2 potions of berserk rage
 H - a potion of mutation
 I - 9 potions of ambrosia
 P - a potion of magic {unknown}
 R - a potion of resistance {unknown}
 T - 3 potions of attraction {unknown}


   Skills:
 + Level 7.3 Fighting
 - Level 3.0 Short Blades
 - Level 2.0 Dodging
 - Level 8.0 Stealth
 - Level 4.0 Shields
 + Level 6.2 Unarmed Combat
 - Level 7.0 Spellcasting
 - Level 3.0 Conjurations
 - Level 12.0 Transmutations
 - Level 3.0 Air Magic
 - Level 12.0 Earth Magic
 - Level 6.0 Poison Magic
 - Level 5.0 Evocations


You had 17 spell levels left.
You knew the following spells:

 Your Spells              Type           Power      Damage    Failure   Level
a - Mephitic Cloud        Conj/Pois/Air  23%        N/A       5%          3
b - Statue Form           Tmut/Erth      35%        N/A       11%         6

Your spell library contained the following spells:

 Spells                   Type           Power      Damage    Failure   Level
 Wereblood                Tmut           53%        N/A       1%          2
 Petrify                  Tmut/Erth      53%        N/A       1%          4
 Blade Hands              Tmut           26%        N/A       1%          5
 Lee's Rapid Deconstruct  Erth           26%        3d15*     1%          5
 Magic Dart               Conj           76%        1d6       2%          1
 Call Imp                 Summ           7%         N/A       14%         2
 Sublimation of Blood     Necr           3%         N/A       14%         2
 Dazzling Flash           Conj/Hex       26%        N/A       16%         3
 Fulminant Prism          Conj/Hex       6%         3d7       45%         4
 Iskenderun's Mystic Bla  Conj/Tloc      13%        2d5       45%         4
 Iron Shot                Conj/Erth      18%        9d4       54%         6
 Animate Dead             Necr           3%         N/A       67%         4
 Metabolic Englaciation   Hex/Ice        5%         N/A       95%         5
 Starburst                Conj/Fire      9%         6d5       100%        6
 Haunt                    Necr/Summ      3%         N/A       100%        7
 Summon Hydra             Summ           3%         N/A       100%        7
 Infestation              Necr           3%         N/A       100%        8
 Animate Armour           Summ/Erth      Unusable   N/A       N/A         4

Dungeon Overview and Level Annotations

Branches:
Dungeon (12/15)            Temple (1/1) D:5            Lair (5/6) D:11
 Shoals (0/4) Lair:4        Snake (0/4) Lair:3          Orc (1/2) D:9
  Sewer (visited)
  Slime: Lair:5-6

Altars:
Ashenzari
Cheibriados
Dithmenos
Elyvilon
Fedhas
Gozag
Hepliaklqana
Kikubaaqudgha
Makhleb
Nemelex Xobeh
Okawaru
Qazlal
Ru
Sif Muna
Trog
Vehumet
Wu Jian
Xom
Yredelemnul
Zin
The Shining One
Jiyva

Shops:
D:1 ?   D:10 =

Annotations:
D:3 Ijyb
D:4 1 runed translucent door, Crazy Yiuf
D:5 exclusion: 2 killer bees
D:8 exclusion: ugly thing
D:9 exclusion: cyclops
D:10 Snorg
D:11 exclusion: downstairs
D:12 exclusions: hydra and troll
Lair:1 exclusion: 2 hydras
Lair:5 1 runed translucent door


Innate Abilities, Weirdness & Mutations

You are a living statue of rough stone.
Your actions are slow, but your melee attacks are powerful.
You are resistant to unholy torment.
Your maximum health is greatly increased.
You are immune to poison.
You cannot wear most types of armour.
You are amphibious.
You can wear up to eight rings at the same time.
Your skin changes colour to match your surroundings (Stealth+).
((Your rubbery body absorbs attacks. (AC +1, EV +1)))
((You are camouflaged near water. (Stealth+)))
You have tentacles for arms and can constrict up to eight enemies at once.


Message History

The seven-headed hydra bites you but does no damage. x2
The seven-headed hydra barely misses you.
You batter the seven-headed hydra!!
Your squeeze misses the seven-headed hydra.
The seven-headed hydra is heavily wounded.
The seven-headed hydra bites you but does no damage.
The seven-headed hydra barely misses you.
The seven-headed hydra bites you but does no damage.
The seven-headed hydra bites you. x3
The seven-headed hydra bites you but does no damage.
You are too injured to fight recklessly!
Okay, then.
Your +2 scimitar of flaming bursts into flame!
a - a +2 scimitar of flaming (weapon)
The seven-headed hydra bites you!
The seven-headed hydra bites you but does no damage.
The seven-headed hydra bites you.
The seven-headed hydra bites you but does no damage. x3
You block the seven-headed hydra's attack.
You lop one of the seven-headed hydra's heads off!
The flame cauterises the wound!
You hit the six-headed hydra. You burn the six-headed hydra.
You tentacle-slap the six-headed hydra!
The six-headed hydra is almost dead.
The six-headed hydra bites you but does no damage.
The six-headed hydra bites you! The six-headed hydra bites you.
The six-headed hydra bites you but does no damage. x2
The six-headed hydra bites you!
* * * LOW HITPOINT WARNING * * *
The six-headed hydra closely misses you.
The six-headed hydra bites you.
* * * LOW HITPOINT WARNING * * *
The six-headed hydra bites you!
* * * LOW HITPOINT WARNING * * *
The six-headed hydra bites you.
* * * LOW HITPOINT WARNING * * *
The six-headed hydra bites you.
* * * LOW HITPOINT WARNING * * *
The six-headed hydra bites you!
You die...
Your body crumbles into a pile of gold.

.............#..
#.
#....##......#..
#P
.#...#.........#
#. #..
##......... ##.
#. #.......P.#
... ..
##......... ...
##.........
#....P.....
#..8#...#.# #
.......D....# #
...#.#......P#
#.......#....# #
.............# #
....#...##..## #
...#....P ..P
...##..P ..## $


You could see a six-headed hydra.

Levels and vault maps discovered:
D:1:      arrival_zaba_pyramid, layout_basic, serial_shops, shop
D:2:      layout_basic
D:3:      layout_loops_corners, lightli_sewer_entry_pipes, serial_forest,
          infiniplex_forest_clump_curved, infiniplex_forest_split,
          infiniplex_forest_clump_long, infiniplex_forest_clump_tiny,
          infiniplex_forest_clump_curved, infiniplex_forest_end_2,
          infiniplex_forest_lined_room_, lemuel_old_faithful, uniq_jessica,
          uniq_ijyb
D:4:      layout_basic, minitemple, gammafunk_temple_overflow_statue,
          uniq_crazy_yiuf_cottage
D:5:      layout_loops_corners, minmay_temple_entry_proselytizer
D:6:      layout_cave_pools, minmay_manual_moon, uniq_duvessa
D:7:      layout_layer_cave, nicolae_gozag_cash_rules_everything_around_me,
          nicolae_overflow_hidden_temple
D:8:      layout_basic, mainiacjoe_overflow_paths, grunt_dithmenos_smoke,
          elyvilon_altar_3, makhleb_altar_promises_db
D:9:      layout_stronghold, kennysheep_orc_monster_closet_entryway, uniq_pikel
D:10:     layout_stronghold, nicolae_wu_jian_wuxing_cycle, lemuel_crystal_altar,
          serial_shops, shop, uniq_maurice, uniq_snorg
D:11:     layout_long_grid, due_lair_maze_entry_diamond, grunt_decor_cap,
          the_hattery
D:12:     layout_roguey, serial_shops, nicolae_shop_window_shopping,
          skrybe_limestone_x
Temple:   pf_slimified_temple
Lair:1:   layout_cave_pods
Lair:2:   layout_hall_layers, special_room [special_room_bee], uniq_sonja,
          uniq_maggie, uniq_erica, uniq_harold
Lair:3:   layout_roguey, guppyfry_snake_entry_island
Lair:4:   layout_misc_corridors, elwin_shoals_entry_stream, uniq_kirke
Lair:5:   layout_long_grid, minmay_slime_entry_oklob_enclosed,
          fungi_pond_lemuel, chequers_serial_rivers_micro_c, pf_torpor_hydra
Orc:1:    layout_diamond_mine, serial_shops, nicolae_shop_stone,
          minmay_orc_barracks

Notes
Turn   | Place    | Note
-------+----------+-------------------------------------------
     0 | D:5      | ABBCCCDDDD the Octopode Delver began the quest for the Orb.
     0 | D:5      | Reached XP level 1. HP: 16/16 MP: 1/1
    72 | D:5      | Found a staircase to the Ecumenical Temple.
    72 | D:5      | Noticed an orc priest
   123 | D:5      | Noticed a killer bee
   123 | D:5      | Noticed a killer bee
   123 | D:5      | Noticed a sky beast
   170 | D:4      | Identified the +2 short sword "Pepim Woala" {protect, rN+}
   229 | D:4      | Reached skill level 1 in Evocations
   247 | D:4      | Found a bloodstained altar of Trog.
   249 | D:4      | Found a basalt altar of Yredelemnul.
   252 | D:4      | Reached XP level 2. HP: 15/21 MP: 3/3
   257 | D:4      | Reached skill level 1 in Spellcasting
   444 | D:3      | Noticed Jessica
   447 | D:3      | Killed Jessica
   448 | D:3      | Reached XP level 3. HP: 26/26 MP: 4/4
   574 | D:3      | Reached XP level 4. HP: 31/31 MP: 5/5
   581 | D:3      | Found a glowing drain.
   590 | Sewer    | Entered a sewer
   952 | Sewer    | Reached XP level 5. HP: 33/36 MP: 6/6
  1536 | Sewer    | Reached XP level 6. HP: 28/42 MP: 7/7
  1826 | D:3      | Reached skill level 5 in Evocations
  1996 | D:3      | Noticed Ijyb
  2077 | D:1      | Learned a level 3 spell: Mephitic Cloud
  2646 | D:1      | Found Doont's Magic Scroll Shop.
  2660 | D:1      | Bought a scroll of noise for 10 gold pieces
  2660 | D:1      | Bought a scroll of identify for 20 gold pieces
  2660 | D:1      | Bought a scroll of teleportation for 30 gold pieces
  3032 | D:2      | Reached skill level 1 in Poison Magic
  3265 | D:2      | Reached skill level 1 in Conjurations
  3292 | D:2      | Reached skill level 1 in Air Magic
  4547 | D:4      | Noticed a necrophage
  4556 | D:4      | Killed a necrophage
  4557 | D:4      | Reached XP level 7. HP: 33/46 MP: 8/8
  5095 | D:4      | Found a sparkling altar of Nemelex Xobeh.
  5102 | D:4      | Found an iron altar of Okawaru.
  5103 | D:4      | Found a snail-covered altar of Cheibriados.
  5203 | D:4      | Identified the +4 chain mail of Gimyzatt {*Corrode rPois
                  | Slay+2}
  5220 | D:4      | Found a runed translucent door.
  5221 | D:4      | Noticed Crazy Yiuf
  5422 | D:5      | Reached skill level 1 in Shields
  5673 | D:5      | Reached XP level 8. HP: 52/52 MP: 9/9
  6075 | Temple   | Entered the Ecumenical Temple
  7010 | D:6      | Noticed Duvessa
  7014 | D:6      | Noticed Dowan
  7026 | D:6      | Killed Duvessa
  7027 | D:6      | Reached skill level 5 in Poison Magic
  7034 | D:6      | Killed Dowan
  7284 | D:6      | Learned a level 6 spell: Statue Form
  7302 | D:6      | Reached XP level 9. HP: 60/60 MP: 10/10
  7418 | D:5      | Reached skill level 5 in Fighting
  7418 | D:5      | Reached skill level 1 in Transmutations
  7418 | D:5      | Reached skill level 1 in Earth Magic
  7998 | D:7      | Found an opulent altar of Gozag.
  8008 | D:7      | Became a worshipper of Gozag Ym Sagoz the Greedy
  8741 | D:8      | Found a burning altar of Makhleb.
  8741 | D:8      | Noticed an Executioner
  8752 | D:8      | Noticed a smoke demon
  8752 | D:8      | Noticed a hellwing
  8828 | D:8      | Noticed a red ugly thing
  8997 | D:8      | Found a glowing silver altar of Zin.
  9047 | D:8      | Found a shadowy altar of Dithmenos.
  9237 | D:8      | Found a white marble altar of Elyvilon.
  9779 | D:9      | Identified a scroll of acquirement
  9780 | D:9      | Acquired the ring of Creativity {Ice rElec rN+ Str-4 Int+3}
  9965 | D:9      | Reached XP level 10. HP: 69/69 MP: 14/14
 10174 | D:9      | Noticed a cyclops
 10421 | D:9      | Reached skill level 5 in Transmutations
 10514 | D:8      | Reached skill level 5 in Earth Magic
 10704 | D:9      | Noticed Pikel
 10763 | D:9      | Killed Pikel
 10936 | D:9      | Found a staircase to the Orcish Mines.
 11949 | D:10     | Entered Level 10 of the Dungeon
 12011 | D:10     | Found an ornate altar of the Wu Jian Council.
 12058 | D:10     | Noticed Maurice
 12133 | D:10     | Killed Maurice
 12248 | D:10     | Noticed Snorg
 12399 | D:10     | Found Rielar's Jewellery Shoppe.
 12407 | D:10     | Bought the ring of Perfectionism {rF+ rC++ rN+ SInv} for
                  | 608 gold pieces
 12413 | D:10     | Found a shimmering altar of Xom.
 12502 | D:10     | Reached XP level 11. HP: 74/75 MP: 15/15
 13179 | D:11     | Noticed a two-headed ogre
 13256 | D:11     | Noticed a two-headed ogre
 13699 | D:11     | Killed a two-headed ogre
 13868 | D:11     | Found a staircase to the Lair.
 14016 | D:11     | Killed a two-headed ogre
 14697 | D:11     | Noticed a boulder beetle
 15042 | D:11     | Killed a boulder beetle
 15043 | D:11     | Reached skill level 5 in Spellcasting
 15266 | D:12     | Noticed a four-headed hydra
 15362 | Lair:1   | Entered Level 1 of the Lair of Beasts
 15373 | Lair:1   | Noticed a six-headed hydra
 15380 | Lair:1   | Killed a six-headed hydra
 15581 | Orc:1    | Entered Level 1 of the Orcish Mines
 15581 | Orc:1    | Noticed an orc knight
 15837 | D:11     | Reached XP level 12. HP: 72/81 MP: 19/19
 16946 | Lair:1   | Reached skill level 10 in Transmutations
 17239 | Lair:1   | Noticed a seven-headed hydra
 17243 | Lair:1   | Noticed a seven-headed hydra
 17565 | Lair:2   | Reached skill level 10 in Earth Magic
 17589 | Lair:2   | Identified the +1 mace of Caz Narr {antimagic, Dex+5
                  | Stlth+}
 17596 | Lair:2   | Noticed Sonja
 18079 | Lair:3   | Found a staircase to the Snake Pit.
 18186 | Lair:2   | Noticed Erica
 18190 | Lair:2   | Killed Sonja
 18194 | Lair:2   | Killed Erica
 18277 | Lair:2   | Noticed Maggie
 18281 | Lair:2   | Killed Maggie
 18286 | Lair:2   | Noticed Harold
 18295 | Lair:2   | Noticed a six-headed hydra
 18434 | Lair:2   | Killed a six-headed hydra
 18435 | Lair:2   | Reached skill level 1 in Unarmed Combat
 18478 | Lair:2   | Killed Harold
 19223 | Lair:3   | Reached XP level 13. HP: 86/86 MP: 16/23
 20114 | Lair:4   | Noticed Kirke
 20125 | Lair:4   | Noticed a sphinx
 20498 | Lair:4   | Reached skill level 5 in Unarmed Combat
 20851 | Lair:3   | Killed Kirke
 21171 | Lair:4   | Found a staircase to the Shoals.
 21552 | Lair:5   | Found a runed translucent door.
 21787 | Lair:5   | HP: 4/111 [six-headed hydra (5)]
 21787 | Lair:5   | Slain by a six-headed hydra

Table legend: (Time is in decaauts)
 A = Elapsed time spent in this place.
 B = Non-inter-level travel time spent in this place.
 C = Inter-level travel time spent in this place.
 D = Time resting spent in this place.
 E = Time spent auto-exploring this place.
 F = Levels seen in this place.
 G = Mean time per level.
                   A        B        C        D        E       F      G
               +--------+--------+--------+--------+--------+-----+--------+
         Total |  22481 |  20922 |   1559 |   4393 |  10874 |  20 | 1124.1 |
       Dungeon |  14986 |  13890 |   1096 |   2524 |   7581 |  12 | 1248.8 |
        Temple |    135 |    135 |      0 |      0 |     78 |   1 |  135.0 |
          Lair |   6304 |   5841 |    463 |   1202 |   3077 |   5 | 1260.8 |
  Orcish Mines |      1 |      1 |      0 |      0 |      0 |   1 |    1.0 |
         Sewer |   1053 |   1053 |      0 |    666 |    138 |   1 | 1053.0 |
               +--------+--------+--------+--------+--------+-----+--------+

Top non-repeatable levels by time:
    D:11: 2739 daAuts
  Lair:3: 1958 daAuts
  Lair:1: 1894 daAuts
     D:9: 1838 daAuts
     D:8: 1714 daAuts
     D:5: 1492 daAuts
     D:4: 1435 daAuts
    D:10: 1266 daAuts
     D:3: 1182 daAuts
   Sewer: 1053 daAuts
  Lair:4: 1053 daAuts
  Lair:2: 1041 daAuts
     D:6: 992 daAuts
     D:1: 794 daAuts
     D:2: 785 daAuts

Table legend:
 A = Kills in this place as a percentage of kills in entire the game.
 B = Kills by you in this place as a percentage of kills by you in the entire game.
 C = Kills by friends in this place as a percentage of kills by friends in the entire game.
 D = Other kills in this place as a percentage of other kills in the entire game.
 E = Experience gained in this place as a percentage of experience gained in the entire game.
 F = Experience gained in this place divided by the number of levels of this place that you have seen.
                   A       B       C       D       E      F
               +-------+-------+-------+-------+-------+----------------------
         Total | 100.0 | 100.0 | 100.0 | 100.0 | 100.0 | 2369.1
       Dungeon |  65.2 |  65.3 |  50.0 |  60.0 |  37.6 | 1485.6
          Lair |  22.9 |  22.6 |  50.0 |  40.0 |  62.0 | 5873.0
         Sewer |  11.9 |  12.1 |   0.0 |   0.0 |   0.4 | 191.0
               +-------+-------+-------+-------+-------+----------------------

Action                   |  1- 3 |  4- 6 |  7- 9 | 10-12 | 13-15 || total
-------------------------+-------+-------+-------+-------+-------++-------
Melee: Short sword       |    26 |   262 |   303 |   729 |       ||  1320
       Constrict         |     5 |    58 |    42 |    82 |    19 ||   206
       Tentacles         |     4 |    35 |    60 |   183 |    45 ||   327
       Spear             |       |       |       |    87 |    64 ||   151
       Punch             |       |       |       |     4 |    10 ||    14
       Unarmed           |       |       |       |       |    87 ||    87
       Scimitar          |       |       |       |       |    26 ||    26
Throw: Dart              |       |     1 |    44 |   153 |     4 ||   202
       Throwing net      |       |       |       |     2 |       ||     2
 Cast: Mephitic Cloud    |       |       |     1 |    43 |     2 ||    46
       Statue Form       |       |       |       |    11 |    23 ||    34
Evoke: Wand              |       |       |     3 |    24 |       ||    27
  Use: Scroll            |       |     3 |    10 |    13 |     2 ||    28
 Stab: Sleeping          |     7 |    42 |    11 |     8 |     1 ||    69
       Distracted        |       |     1 |     2 |     3 |       ||     6
       Confused          |       |       |       |    13 |       ||    13
       Paralysed         |       |       |       |     3 |       ||     3
Armor: Skin              |     2 |    40 |    69 |   360 |   211 ||   682
Dodge: Dodged            |    10 |   124 |   129 |   513 |   166 ||   942
Block: Buckler           |       |       |    48 |   202 |    69 ||   319
       Rpst.: Scimitar   |       |       |       |       |    10 ||    10

Vanquished Creatures
  Kirke (Lair:3)
  3 hydras
  Harold (Lair:2)
  A boulder beetle (D:11)
  Erica (Lair:2)
  2 two-headed ogres (D:11)
  Sonja (Lair:2)
  A lindwurm (Lair:3)
  Pikel (D:9)
  A black mamba (Lair:4)
  7 elephants
  2 merfolk sirens (Lair:4)
  5 cane toads
  Maurice (D:10)
  A torpor snail (Lair:5)
  A rime drake (Lair:4)
  Maggie (Lair:2)
  6 komodo dragons
  4 trolls
  2 merfolk (Lair:4)
  A queen bee (Lair:2)
  2 polar bears
  3 dream sheep (Lair:5)
  3 blink frogs
  A wraith (D:9)
  A wyvern (Lair:5)
  3 hogs
  A spriggan (D:11)
  25 yaks
  A basilisk (Lair:3)
  4 vampire mosquitoes (D:11)
  3 nagas
  15 water moccasins
  Duvessa (D:6)
  7 orc warriors
  4 sky beasts
  4 black bears
  3 ice beasts
  3 necrophages
  6 ogres
  2 lemures (D:9)
  7 centaurs
  4 wolves
  3 kobold brigands
  A phantom (D:5)
  3 gnoll sergeants (D:9)
  2 wyvern zombies
  6 bullfrogs
  A scorpion (D:11)
  Dowan (D:6)
  A water moccasin skeleton (D:5)
  20 killer bees
  8 wights
  3 howler monkeys
  An electric eel (Lair:5)
  2 centaur zombies
  A bullfrog zombie (D:6)
  8 orc priests
  A hound (D:7)
  A gnoll shaman (D:5)
  4 jellies
  Jessica (D:3)
  An iguana (D:4)
  10 orc wizards
  A killer bee zombie (D:9)
  A howler monkey zombie (D:10)
  11 gnolls
  17 adders
  A river rat (D:3)
  4 worms
  3 dart slugs
  41 orcs
  21 ball pythons
  8 endoplasms (Sewer)
  12 giant cockroaches
  12 goblins
  14 hobgoblins
  3 jackals (D:3)
  13 quokkas
  10 bats
  18 frilled lizards
  11 kobolds
  9 rats
436 creatures vanquished.

Vanquished Creatures (collateral kills)
  An acid dragon (D:11)
  A bullfrog (Lair:4)
2 creatures vanquished.

Vanquished Creatures (others)
  An orc wizard (D:11)
  A frilled lizard (D:3)
  64 fungi
  64 plants
130 creatures vanquished.

Grand Total: 568 creatures vanquished
